 Dungeon Crawl Stone Soup version 0.28-a0-1033-g1a2f33fa85 (webtiles) character file.

Game seed: 6171857039481060283

471 mainiacjoe the Poker (level 6, -3/47 HPs)
             Began as a Mummy Fighter on Dec 8, 2021.
             Slain by a water moccasin zombie (6 damage)
             ... on level 5 of the Dungeon.
             The game lasted 00:05:23 (3507 turns).

mainiacjoe the Poker (Mummy Fighter)                Turns: 3507, Time: 00:05:23

Health: -3/47      AC: 12    Str: 21    XL:     6   Next: 83%
Magic:  6/6        EV:  6    Int:  7    God:
Gold:   170        SH:  5    Dex: 12    Spells: 5/5 levels left

rFire   x . .      SeeInvis .   a - +0 trident
rCold   + . .      Faith    .   c - +0 buckler
rNeg    + + +      Spirit   .   d - +0 plate armour
rPois   ∞          Reflect  .   (no helmet)
rElec   .          Harm     .   i - +0 cloak
rCorr   .          Rampage  .   (no gloves)
Will    .....                   (no boots)
Stlth   ..........              (no amulet)
HPRegen 0.15/turn               (no ring)
MPRegen 0.10/turn               (no ring)

@: no status effects
A: cold resistance 1, negative energy resistance 3, torment resistance 2, heat
vulnerability 1, no potions
a: no special abilities


You were on level 5 of the Dungeon.
You visited 1 branch of the dungeon, and saw 5 of its levels.

You collected 170 gold pieces.

Inventory:

Hand Weapons
 a - a +0 trident (weapon)
Missiles
 e - 68 bolts
 h - 113 stones
 j - 10 arrows
 k - 5 poisoned darts (quivered)
Armour
 b - a +0 scale mail
 c - a +0 buckler (worn)
 d - a +0 plate armour (worn)
 i - a +0 cloak (worn)
 m - a +0 ring mail of cold resistance
Jewellery
 p - a ring of ice
Wands
 n - a wand of acid (2)
Scrolls
 f - 3 scrolls of teleportation
 g - a scroll of amnesia {unknown}
 l - a scroll of identify {unknown}
 o - a scroll of fog {unknown}


   Skills:
 - Level 3.0 Fighting
 + Level 5.3 Polearms
 - Level 2.4 Armour
 - Level 4.0 Shields


You had 5 spell levels left.
You didn't know any spells.
Your spell library contained the following spells:

 Spells                   Type           Power      Damage    Failure   Level
 Apportation              Tloc           0%         N/A       100%        1
 Alistair's Intoxication  Tmut/Pois      0%         N/A       100%        5


Dungeon Overview and Level Annotations

Branches:
Dungeon (5/15)
 Temple: D:4-7

Altars:


Innate Abilities, Weirdness & Mutations

You are immune to poison.
Your flesh is cold resistant. (rC+)
You are immune to negative energy. (rN+++)
You are immune to unholy pain and torment.
You are vulnerable to heat. (rF-)
You do not drink.


Message History

* * * LOW HITPOINT WARNING * * *
The water moccasin zombie bites you but does no damage.
The water moccasin zombie barely misses you.
The water moccasin zombie bites you but does no damage.
The water moccasin zombie bites you but does no damage.
The water moccasin zombie bites you but does no damage.
The water moccasin zombie bites you but does no damage.
The water moccasin zombie bites you.
* * * LOW HITPOINT WARNING * * *
The water moccasin zombie bites you but does no damage.
You puncture the water moccasin zombie!
The water moccasin zombie is moderately damaged.
The water moccasin zombie bites you.
* * * LOW HITPOINT WARNING * * *
You hit the water moccasin zombie but do no damage.
The water moccasin zombie is moderately damaged.
The water moccasin zombie bites you but does no damage.
You hit the water moccasin zombie.
The water moccasin zombie is moderately damaged.
The water moccasin zombie bites you but does no damage. x2
You barely miss the water moccasin zombie.
The water moccasin zombie is moderately damaged.
The water moccasin zombie bites you but does no damage.
You completely miss the water moccasin zombie.
The water moccasin zombie is moderately damaged.
The water moccasin zombie barely misses you.
You hit the water moccasin zombie.
The water moccasin zombie is heavily damaged.
The water moccasin zombie bites you but does no damage. x2
You hit the water moccasin zombie but do no damage.
The water moccasin zombie is heavily damaged.
The water moccasin zombie bites you but does no damage.
You puncture the water moccasin zombie!
The water moccasin zombie is heavily damaged.
The water moccasin zombie bites you.
* * * LOW HITPOINT WARNING * * *
You puncture the water moccasin zombie!
The water moccasin zombie is almost destroyed.
The water moccasin zombie bites you.
You die...

#.# #.# #.#
#.# ######.#
#......#
##.######
#####...####
#.......@Z.#
#.###...##.#
#.# ##.###.#
##.# #.# #.#
..# #.# #.#
#.# #.# #.#
#.####.###.#
#..........#
#†####.#####


You could see a water moccasin zombie.

Vanquished Creatures
  A necrophage (D:5)
  An ogre (D:5)
  A phantom (D:4)
  A hound (D:4)
  A jelly (D:5)
  An orc priest (D:3)
  A scorpion zombie (D:5)
  A hound skeleton (D:5)
  4 adders
  A dart slug (D:3)
  4 orcs (D:3)
  3 endoplasms
  7 giant cockroaches
  4 goblins
  3 hobgoblins
  4 jackals (D:4)
  4 quokkas
  6 ball pythons
  7 bats
  2 frilled lizards (D:1)
  A kobold (D:3)
  4 rats
62 creatures vanquished.

Notes
Turn   | Place    | Note
-------+----------+-------------------------------------------
     0 | D:1      | mainiacjoe the Mummy Fighter began the quest for the Orb.
     0 | D:1      | Reached XP level 1. HP: 18/18 MP: 1/1
   213 | D:1      | Reached skill level 2 in Polearms
   213 | D:1      | Reached XP level 2. HP: 24/24 MP: 2/2
   715 | D:2      | Reached XP level 3. HP: 27/29 MP: 3/3
  1553 | D:3      | Reached XP level 4. HP: 35/35 MP: 4/4
  1860 | D:3      | Found a faded altar of an unknown god.
  2028 | D:3      | Reached skill level 3 in Polearms
  2576 | D:4      | Reached XP level 5. HP: 37/41 MP: 5/5
  2614 | D:4      | Noticed a phantom
  2621 | D:4      | Killed a phantom
  3065 | D:5      | Entered Level 5 of the Dungeon
  3065 | D:5      | Noticed an ogre
  3073 | D:5      | Killed an ogre
  3074 | D:5      | Reached skill level 4 in Polearms
  3074 | D:5      | Reached XP level 6. HP: 12/47 MP: 6/6
  3375 | D:5      | Reached skill level 5 in Polearms
  3375 | D:5      | HP: 2/47 [water moccasin zombie (1)]
  3507 | D:5      | Slain by a water moccasin zombie

Illustrated notes

Levels and vault maps discovered:
D:1:      psy_arrival_statuary, layout_basic, minmay_pentomino_u4
D:2:      layout_basic, minmay_misc_feat_hallway
D:3:      layout_basic, shapermc_ecumenical_altar_hornbeckon,
          grunt_decor_one_mirror, minmay_misc_feat_pillars
D:4:      minmay_wonky_spiral, layout_basic
D:5:      layout_loops_ring, minmay_crystal_water, uniq_ijyb, uniq_grinder

Skill      XL: |  1  2  3  4  5  6 |
---------------+-------------------+-----
Polearms       | 2 3 4 5 |  5.3
Shields        | 3 4 |  4.0
Fighting       | |  3.0
Armour         | |  2.4

Action                   |  1- 3 |  4- 6 || total
-------------------------+-------+-------++-------
Melee: Trident           |   138 |   124 ||   262
Throw: Stone             |    18 |       ||    18
       Dart              |    24 |    20 ||    44
Evoke: Wand              |       |     1 ||     1
  Use: Scroll            |     1 |       ||     1
Armor: Plate armour      |    84 |    87 ||   171
Dodge: Dodged            |    28 |    34 ||    62
Block: Buckler           |    22 |    36 ||    58

Table legend: (Time is in decaauts)
 A = Elapsed time spent in this place.
 B = Non-inter-level travel time spent in this place.
 C = Inter-level travel time spent in this place.
 D = Time resting spent in this place.
 E = Time spent auto-exploring this place.
 F = Levels seen in this place.
 G = Mean time per level.
                   A        B        C        D        E       F      G
               +--------+--------+--------+--------+--------+-----+--------+
         Total |   3565 |   3431 |    134 |    426 |   2293 |   5 |  713.0 |
       Dungeon |   3565 |   3431 |    134 |    426 |   2293 |   5 |  713.0 |
               +--------+--------+--------+--------+--------+-----+--------+

Top non-repeatable levels by time:
     D:3: 1185 daAuts
     D:4: 824 daAuts
     D:1: 595 daAuts
     D:2: 515 daAuts
     D:5: 445 daAuts
